Map: Pillars of Gold LE

Players

Erik - Winner!

  • Race: Zerg Zerg
  • Spawn Location: 1:00

eGGz

  • Race: Zerg Zerg
  • League: Grandmaster
  • Spawn Location: 7:00

Event: DreamHack SC2 Masters 2020 Winter

VOD

Have the link to the VOD?

Description

Time

  • Played on: Oct. 14, 2020, 7:06 p.m.
  • Length: 12:43

All games in this series

Show
View Real Time Build Order
Export as new Build Order

Erik Zerg - Winner!

Build Orders: Hatch First, Lurkers, Muta Ling Bane 

Get SALT Encoding   

  12  0:00  Drone  
  13  0:08  Drone  
  14  0:14  Extractor  
  14  0:16  Drone  
  15  0:23  Overlord  
  15  0:49  Drone, Hatchery  
  15  0:53  Drone  
  16  0:57  Drone  
  16  1:00  Drone  
  16  1:03  Extractor  
  17  1:17  Spawning Pool  
  16  1:20  Drone  
  16  1:24  Drone  
  19  1:32  Drone  
  19  1:45  Drone  
  21  1:54  Drone  
  21  2:04  Queen x2  
  21  2:05  Zergling x4  
  27  2:11  Metabolic Boost  
  27  2:15  Zergling x2  
  28  2:19  Overlord  
  28  2:28  Extractor  
  27  2:35  Drone  
  28  2:43  Drone x3  
  32  2:44  Queen  
  34  2:56  Drone x2  
  34  2:57  Baneling Nest  
  34  2:58  Drone  
  36  3:03  Overlord  
  36  3:15  Overlord  
  36  3:22  Evolution Chamber  
  36  3:23  Drone x5  
  36  3:26  Drone  
  41  3:28  Drone  
  42  3:36  Lair  
  42  3:39  Drone  
  42  3:40  Extractor  
  42  3:41  Extractor  
  42  3:45  Baneling  
  42  3:47  Baneling  
  41  3:51  Extractor  
  41  3:52  Drone x4  
  44  3:57  Baneling x2  
  44  3:58  Zergling x4  
  45  4:04  Drone  
  45  4:05  Drone  
  45  4:08  Drone  
  48  4:14  Overlord  
  48  4:15  Drone x2  
  50  4:25  Zerg Melee Weapons Level 1  
  50  4:27  Overlord  
  50  4:31  Drone  
  50  4:33  Overlord  
  50  4:36  Spire  
  50  4:40  Zergling x4  
  50  4:41  Zergling x2  
  52  4:48  Drone  
  52  4:49  Drone x2  
  52  4:50  Drone  
  55  5:04  Baneling x2  
  55  5:06  Hatchery, Zergling x2  
  55  5:07  Zergling x2  
  55  5:14  Zergling x8  
  58  5:22  Zergling x6  
  61  5:29  Overlord x2  
  57  5:50  Mutalisk  
  57  5:51  Mutalisk x6  
  71  6:00  Mutalisk  
  71  6:01  Mutalisk  
  71  6:03  Drone x3  
  78  6:05  Drone x2  
  78  6:11  Drone  
  80  6:20  Mutalisk x2  
  81  6:28  Drone x3  
  81  6:30  Extractor  
  81  6:31  Extractor  
  79  6:36  Zergling x4  
  81  6:48  Zergling x6  
  81  6:50  Drone x2  
  84  6:57  Drone  
  83  7:03  Mutalisk  
  83  7:04  Mutalisk x3  
  81  7:16  Zergling x12  
  81  7:21  Drone x2  
  87  7:25  Zerg Melee Weapons Level 2, Centrifical Hooks  
  87  7:28  Drone  
  87  7:29  Drone x2  
  90  7:32  Drone  
  91  7:39  Drone x5  
  96  7:47  Zerg Flyer Weapons Level 1  
  96  7:50  Mutalisk  
  98  7:52  Overseer  
  98  7:53  Overlord x4  
  98  8:01  Hatchery  
  95  8:16  Baneling x5  
  95  8:17  Mutalisk x6  
  95  8:19  Zergling x8  
  111  8:24  Queen  
  111  8:26  Zergling x2  
  111  8:27  Zergling x12  
  120  8:37  Drone x4  
  122  8:43  Hydralisk Den  
  122  8:45  Pneumatized Carapace  
  122  8:47  Overseer x2  
  121  8:50  Drone  
  121  8:51  Drone x2  
  124  8:55  Extractor  
  124  9:00  Extractor  
  119  9:12  Drone  
  119  9:13  Drone  
  120  9:21  Drone  
  120  9:22  Mutalisk x7  
  134  9:26  Zergling x4  
  134  9:27  Zergling x2  
  130  9:36  Lurker Den  
  130  9:37  Drone  
  130  9:38  Drone x10  
  128  9:44  Overlord  
  128  9:46  Baneling x6  
  128  9:54  Overlord x2  
  128  9:59  Zerg Missile Weapons Level 1  
  128  10:04  Zergling x12  
  134  10:17  Zergling x20  
  142  10:38  Drone x2, Infestation Pit  
  143  10:46  Hatchery  
  135  11:05  Zergling x20  
  135  11:06  Zergling x2, Overlord  
  135  11:07  Overlord x5  
  136  11:15  Hive  
  126  11:29  Zergling x30  
  141  11:51  Baneling x7  
  141  11:52  Baneling x2  
  141  11:53  Baneling x9  
  139  12:00  Drone  
  139  12:01  Drone x6  
  142  12:02  Drone  
  142  12:05  Hydralisk  
  142  12:06  Hydralisk x9  
  153  12:40  Lurker x10  
Show
View Real Time Build Order
Export as new Build Order

eGGz Zerg 

Build Orders: Pool First, Roach Hydra 

Get SALT Encoding   

  12  0:00  Drone  
  13  0:16  Overlord  
  13  0:17  Drone  
  14  0:34  Drone  
  14  0:35  Drone  
  16  0:44  Spawning Pool  
  16  0:45  Drone  
  16  0:51  Drone  
  17  1:13  Hatchery  
  17  1:15  Drone  
  17  1:17  Extractor  
  16  1:31  Zergling x4  
  19  1:32  Zergling x2  
  19  1:36  Queen  
  21  1:44  Drone  
  22  1:56  Overlord  
  22  2:14  Drone  
  23  2:15  Queen  
  23  2:17  Drone  
  23  2:20  Metabolic Boost  
  26  2:26  Drone  
  26  2:28  Drone  
  28  2:35  Drone  
  28  2:36  Drone  
  30  2:46  Drone  
  30  2:47  Drone  
  30  2:49  Baneling Nest  
  31  2:54  Overlord  
  31  2:59  Drone  
  31  3:00  Drone, Overlord  
  31  3:04  Zergling x2  
  33  3:13  Drone x2  
  35  3:24  Hatchery  
  34  3:28  Zergling x4  
  34  3:29  Zergling x2  
  34  3:31  Drone  
  38  3:35  Baneling  
  38  3:36  Drone x2  
  40  3:42  Drone x2  
  40  3:47  Drone  
  43  3:54  Drone x3  
  46  3:55  Queen  
  48  4:04  Drone  
  48  4:09  Evolution Chamber, Overlord  
  48  4:15  Lair  
  48  4:16  Extractor  
  47  4:17  Extractor  
  47  4:19  Drone, Roach Warren  
  47  4:20  Drone  
  47  4:27  Drone  
  48  4:35  Overlord  
  48  4:37  Drone x3  
  51  4:39  Drone x3  
  51  4:42  Zerg Missile Weapons Level 1  
  51  4:43  Drone  
  55  4:47  Zergling x2  
  51  4:53  Zergling x4  
  51  4:56  Zergling x2  
  54  5:02  Roach  
  54  5:04  Roach, Zergling x2  
  54  5:05  Zergling x2  
  60  5:10  Queen  
  60  5:11  Queen  
  60  5:12  Extractor  
  62  5:14  Baneling  
  62  5:21  Drone x3  
  63  5:29  Drone x2, Hydralisk Den  
  63  5:30  Drone x5  
  63  5:34  Overseer  
  63  5:35  Roach x2  
  73  5:37  Glial Reconstitution  
  72  5:50  Overlord  
  72  5:52  Overlord  
  72  5:55  Overlord  
  72  5:57  Queen  
  72  5:59  Spore Crawler  
  71  6:04  Baneling x2  
  71  6:08  Hydralisk x4  
  71  6:10  Zergling x4  
  71  6:11  Zergling x2  
  80  6:12  Spore Crawler  
  80  6:16  Drone x2  
  80  6:18  Drone  
  82  6:22  Spore Crawler  
  81  6:26  Zergling x6  
  84  6:35  Spore Crawler x2  
  81  6:42  Hydralisk x4  
  88  6:49  Drone x2  
  88  6:51  Drone x2  
  92  6:55  Drone  
  92  6:56  Drone x3  
  96  7:06  Roach x4  
  96  7:10  Roach  
  96  7:14  Overlord  
  96  7:17  Overlord  
  96  7:21  Overlord  
  94  7:23  Grooved Spines  
  94  7:25  Roach x2  
  94  7:26  Extractor  
  94  7:27  Extractor  
  94  7:28  Overlord  
  93  7:31  Overlord  
  93  7:35  Drone x5  
  93  7:36  Baneling x2  
  96  7:37  Queen  
  95  7:44  Spore Crawler  
  95  7:45  Drone, Spore Crawler x2  
  95  7:46  Drone x2  
  95  7:49  Hydralisk x2  
  98  7:58  Spore Crawler x2  
  96  7:59  Spore Crawler  
  96  8:00  Spore Crawler, Hydralisk  
  96  8:06  Hydralisk x2  
  96  8:15  Zergling x4  
  98  8:20  Roach x3  
  98  8:23  Drone x2  
  98  8:24  Drone  
  98  8:26  Drone x3  
  110  8:27  Drone, Infestation Pit  
  108  8:40  Muscular Augments, Hydralisk  
  108  8:41  Hydralisk  
  108  8:50  Drone x3  
  108  8:53  Spore Crawler  
  108  8:55  Spore Crawler  
  109  9:02  Roach, Hydralisk x2  
  115  9:03  Roach  
  115  9:07  Baneling x2  
  114  9:13  Roach, Hydralisk x3  
  114  9:14  Roach x3  
  127  9:23  Overlord  
  127  9:35  Hatchery, Hydralisk x2  
  124  9:43  Hive  
  124  9:57  Spore Crawler  
  123  10:04  Hydralisk x3  
  129  10:13  Hatchery  
  127  10:22  Lurker Den  
  127  10:26  Zerg Missile Weapons Level 2  
  127  10:27  Drone  
  127  10:28  Drone x5  
  128  10:34  Spore Crawler  
  122  10:51  Hydralisk  
  122  10:52  Hydralisk x3  
  121  11:15  Lair, Hatchery  
  120  11:24  Hydralisk  
  120  11:25  Roach  
  107  11:38  Queen  
  109  11:40  Evolution Chamber  
  109  11:41  Hydralisk  
  109  11:43  Extractor  
  109  11:44  Drone  
  106  11:47  Spine Crawler  
  106  11:51  Hydralisk  
  107  11:59  Lurker  
  104  12:02  Drone  
  104  12:05  Drone  
  104  12:06  Drone x2  
  104  12:07  Drone  
  109  12:13  Lurker  
  106  12:27  Spore Crawler  
  106  12:28  Spore Crawler  
  106  12:29  Spore Crawler  
Tags
 
Add a new tag
Caveats
  • Supply blocks, unpowered buildings, or Contaminate may cause inaccurate times.
  • Supply counts are checked every 10 seconds.